 Dungeon Crawl Stone Soup version 0.27-a0-650-g8dd3ea4f36 (webtiles) character file.

Game seed: 15689347593637252001

20 jasper the Gusty (level 2, -1/15 HPs)
             Began as a Tengu Air Elementalist on Mar 15, 2021.
             Slain by a kobold
             ... wielding a +0 short sword
              (9 damage)
             ... on level 2 of the Dungeon.
             The game lasted 00:01:46 (1328 turns).

jasper the Gusty (Tengu Air Elementalist)           Turns: 1328, Time: 00:01:46

Health: -1/15      AC:  2    Str:  8    XL:     2   Next: 79%
Magic:  2/6        EV: 12    Int: 15    God:
Gold:   49         SH:  0    Dex: 14    Spells: 4/5 levels left

rFire    . . .     SeeInvis .   (no weapon)
rCold    . . .     Faith    .   (no shield)
rNeg     . . .     Spirit   .   a - +0 robe
rPois    .         Reflect  .   (helmet restricted)
rElec    .         Harm     .   (no cloak)
rCorr    .         Rampage  .   (no gloves)
Will     .....                  (boots unavailable)
Stlth    ++........             (no amulet)
HPRegen  0.05/turn              (no ring)
MPRegen  0.10/turn              (no ring)

@: no status effects
A: beak, talons 3
a: no special abilities


You were on level 2 of the Dungeon.
You visited 1 branch of the dungeon, and saw 2 of its levels.

You collected 49 gold pieces.

Inventory:

Missiles
 c - 26 stones
Armour
 a - a +0 robe (worn)
 d - a +0 kite shield
 g - a +0 leather armour
Scrolls
 b - a scroll of teleportation {unknown}
 f - a scroll of amnesia {unknown}
Potions
 e - a potion of attraction {unknown}
 h - a potion of might {unknown}


   Skills:
 - Level 2.1 Dodging
 - Level 2.0 Stealth
 + Level 2.2 Spellcasting
 * Level 2.4 Conjurations
 * Level 4.5 Air Magic


You had 4 spell levels left.
You knew the following spells:

 Your Spells              Type           Power      Damage    Failure   Level
a - Shock                 Conj/Air       48%        1d6       5%          1

Your spell library contained the following spells:

 Spells                   Type           Power      Damage    Failure   Level
 Swiftness                Air            15%        N/A       4%          2
 Static Discharge         Conj/Air       12%        N/A       16%         3
 Airstrike                Air            7%         N/A       32%         4
 Lightning Bolt           Conj/Air       6%         1d18      82%         5


Dungeon Overview and Level Annotations

Branches:
Dungeon (2/15)

Altars:
Xom


Innate Abilities, Weirdness & Mutations

You have a beak for a mouth.
You have claws for feet.


Message History

The zap hits the bat.
You kill the bat!
You now have 5/6 mp.
Found a cloak.
MP restored: 6
Aiming: Shock (safe; 5% risk of failure)
Press: ? - help, Q - select action, (/) - cycle Shift-Dir - straight line, f - you That beam is likely to hit you.
Continue anyway?
Okay, then.
A hobgoblin and a kobold come into view.
You see here a bat corpse.
Found a stone staircase leading down.
Aiming: Shock (safe; 5% risk of failure)
Press: ? - help, Q - select action, (/) - cycle Shift-Dir - straight line, f - kobold
Aim: a kobold, wielding a +0 short sword (asleep, 0% to evade)
The zap hits the kobold but does no damage.
The kobold shouts!
The zap misses the hobgoblin.
You now have 5/6 mp.
Aiming: Shock (safe; 5% risk of failure)
Press: ? - help, Q - select action, (/) - cycle Shift-Dir - straight line, f/p - kobold
Aim: a kobold, wielding a +0 short sword (40% to evade)
The zap misses the kobold.
The zap hits the hobgoblin but does no damage.
You now have 4/6 mp.
Aiming: Shock (safe; 5% risk of failure)
Press: ? - help, Q - select action, (/) - cycle Shift-Dir - straight line, f/p - kobold
Aim: a kobold, wielding a +0 short sword (40% to evade)
The zap misses the kobold.
The zap hits the hobgoblin.
The hobgoblin is heavily wounded.
The kobold hits you with a +0 short sword!
You take 7 damage, and have 8/15 hp.
MASSIVE DAMAGE!!
You now have 3/6 mp.
Aiming: Shock (safe; 5% risk of failure)
Press: ? - help, Q - select action, (/) - cycle Shift-Dir - straight line, f/p - kobold
Aim: a kobold, wielding a +0 short sword (40% to evade)
The zap misses the kobold.
The zap hits the hobgoblin.
The hobgoblin is severely wounded.
The kobold hits you with a +0 short sword!
Ouch! That really hurt!
You die...

####
#######..#
....>..[.#
###@.#
#.K†.##
#.g#...#
#.##.#....#
...
#.######
#.# #.# #.
#.# # #.#
.# #.#


You could see a hobgoblin and a kobold.

Vanquished Creatures
  2 leopard geckos (D:1)
  4 bats
  A giant cockroach (D:2)
  4 hobgoblins
  2 kobolds
  4 rats
17 creatures vanquished.

Notes
Turn   | Place    | Note
-------+----------+-------------------------------------------
     0 | D:1      | jasper the Tengu Air Elementalist began the quest for the
                  | Orb.
     0 | D:1      | Reached XP level 1. HP: 10/10 MP: 4/4
   500 | D:1      | Found a glowing silver altar of Zin.
   503 | D:1      | Found an opulent altar of Gozag.
   503 | D:1      | Found a shimmering altar of Xom.
   505 | D:1      | Found a shimmering altar of Xom.
   505 | D:1      | Found a broken altar of Ashenzari.
   505 | D:1      | Found a glowing golden altar of the Shining One.
   627 | D:1      | Reached XP level 2. HP: 15/15 MP: 4/6
  1239 | D:2      | Found a faded altar of an unknown god.
  1328 | D:2      | Slain by a kobold

Illustrated notes

Levels and vault maps discovered:
D:1:      dpeg_arrival_connections, layout_loops_ring, doesnt_xom_only_xom
D:2:      layout_rooms, minitemple, gammafunk_temple_overflow_statue,
          chequers_ecumenical_altar_simple_redux

Skill      XL: |  1 |
---------------+----+-----
Conjurations   | 2 |  2.4
Dodging        | |  2.1
Stealth        | |  2.0
Spellcasting   | |  2.2
Air Magic      | |  4.5

Action                   || total
-------------------------++-------
Melee: Unarmed           ||     9
       Kick              ||     4
Throw: Stone             ||     7
 Cast: Shock             ||    37
Armor: Robe              ||     4
Dodge: Dodged            ||    10

Table legend: (Time is in decaauts)
 A = Elapsed time spent in this place.
 B = Non-inter-level travel time spent in this place.
 C = Inter-level travel time spent in this place.
 D = Time resting spent in this place.
 E = Time spent auto-exploring this place.
 F = Levels seen in this place.
 G = Mean time per level.
                   A        B        C        D        E       F      G
               +--------+--------+--------+--------+--------+-----+--------+
         Total |   1328 |   1307 |     21 |      0 |   1175 |   2 |  664.0 |
       Dungeon |   1328 |   1307 |     21 |      0 |   1175 |   2 |  664.0 |
               +--------+--------+--------+--------+--------+-----+--------+

Top non-repeatable levels by time:
     D:1: 1110 daAuts
     D:2: 217 daAuts
